 Dungeon Crawl Stone Soup version 0.17-a0-1646-geb1493d (webtiles) character file.

130 patman the Cudgeler (level 5, 0/26 HPs)
             Began as a Vine Stalker Skald on Aug 9, 2015.
             Slain by a ball python (1 damage)
             ... on level 4 of the Dungeon.
             The game lasted 00:08:59 (2425 turns).

patman the Cudgeler (Vine Stalker Skald)            Turns: 2425, Time: 00:09:00

Health: 0/26       AC:  6    Str: 14    XL:     5   Next: 14%
Magic:  0/9        EV:  6    Int: 13    God:
Gold:   88         SH:  0    Dex: 14    Spells: 3 memorised, 2 levels left

rFire  . . .     SeeInvis .     a - +0 flail
rCold  . . .     Clarity  .     o - +0 scale mail
rNeg   . . .     SustAt   .     (no shield)
rPois  .         Gourm    .     (no helmet)
rElec  .         Spirit   +     (no cloak)
rCorr  .         Warding  .     (no gloves)
rMut   .         Stasis   .     (no boots)
MR     .....                    (no amulet)
Stlth  ..........               (no ring)
                                (no ring)

@: constricted, not resistant to hostile enchantments, extremely unstealthy
A: fangs 2, regeneration 1, magic shield, antimagic bite, no device heal 3, rot
immunity
a: no special abilities


You were on level 4 of the Dungeon.
You were not hungry.

You visited 1 branch of the dungeon, and saw 4 of its levels.

You collected 88 gold pieces.

Inventory:

Hand weapons
 a - a +0 flail (weapon)
 u - a +0 mace
Missiles
 e - 107 stones
 q - 2 poisoned tomahawks
 w - 7 tomahawks (quivered)
Armour
 b - a +0 leather armour
 o - a +0 scale mail (worn)
 t - a +0 plate armour
Jewellery
 i - an uncursed amulet of stasis {unknown}
Scrolls
 f - a scroll of enchant weapon {unknown}
 k - a scroll of recharging {unknown}
 l - a scroll of magic mapping {unknown}
 m - a scroll of blinking {unknown}
 n - a scroll of fog {unknown}
 p - a scroll of remove curse {unknown}
Potions
 h - 2 potions of cure mutation
 j - a potion of agility {unknown}
 r - a potion of brilliance {unknown}
 s - a potion of heal wounds {unknown}
Books
 c - a book of Battle

   Spells                             Type                      Level
   a - Infusion                       Charms                       1
   b - Shroud of Golubria             Charms/Translocation         2
   c - Song of Slaying                Charms                       2
   d - Spectral Weapon                Hexes/Charms                 3
   e - Regeneration                   Charms/Necromancy            3
Comestibles
 d - 3 bread rations
 v - a meat ration
 x - 2 chunks of flesh


   Skills:
 - Level 1.7 Fighting
 + Level 4.6 Maces & Flails
 - Level 0.7 Armour
 - Level 0.7 Dodging
 - Level 2.1 Spellcasting
 - Level 3.0 Charms


You had 2 spell levels left.
You knew the following spells:

 Your Spells              Type           Power        Failure   Level  Hunger
a - Infusion              Chrm           #.....       34%         1    ##.....
R - Regeneration          Chrm/Necr      #.........   99%         3    ####...
S - Shroud of Golubria    Chrm/Tloc      #.........   85%         2    ###....


Dungeon Overview and Level Annotations

Branches:
Dungeon (4/15)
 Temple: D:4-7

Altars:
Ashenzari
Elyvilon
Yredelemnul

Annotations:
D:3 Sigmund
D:4 Chiseanne's ghost, average DsFi; Edmund


Innate Abilities, Weirdness & Mutations

You have extremely sharp teeth.
Your natural rate of healing is unusually fast.
When hurt, damage is shared between your health and your magic reserves.
Your bite disrupts and absorbs the magic of your enemies.
Potions and wands cannot restore your health.
You are immune to rotting.


Message History

There is an open door here.
You escape the ball python's grasp.
Chiseanne's ghost (average Demonspawn Fighter) comes into view.
Chiseanne's ghost turns its malevolent gaze towards you.
Unknown command.
The ball python bites you but does no damage.
The ball python misses you. The ball python closely misses you.
The ball python barely misses you.
There is a stone staircase leading up here.
The ball python bites you.
* * * LOW HITPOINT WARNING * * *
The ball python grabs you.
You stop ascending the stairs.
* * * LOW HITPOINT WARNING * * *
The ball python constricts you. The ball python completely misses you.
The ball python constricts you.
Your attempt to break free from the ball python fails, but you feel that another attempt might succeed.
Chiseanne's ghost hits you!
* * * LOW HITPOINT WARNING * * *
The ball python bites you.
You die...

.###...##..##..###..##..###..#
.......'.......#....+........#
.......#.......'....#........#
..##...##..##..##...#........#
..##...##..##..##...##..##'######
####................##..##..##...
.................................
...............W.................
..............@S@................
..##..###..###'##...###+######...
####.(###..##..##...##..######...
#...#..@......#....#...........
#...'.........#....#...........
#...#.........#....#....##...[.
#..@#.........+....'....##.....
##.)####+##<..#....#....+......
##))##...# ..##...#####+##.....


You could see Edmund, Chiseanne's ghost and a ball python.

Vanquished Creatures
  A hound skeleton (D:4)
  2 adders
  3 oozes (D:1)
  A worm (D:3)
  6 orcs
  3 ball pythons
  3 giant cockroaches
  9 goblins
  8 hobgoblins
  5 jackals
  4 bats
  4 giant geckos
  4 giant newts (D:2)
  12 kobolds
  A quokka skeleton (D:4)
  6 rats
72 creatures vanquished.

Notes
Turn   | Place    | Note
--------------------------------------------------------------
     0 | D:1      | patman the Vine Stalker Skald began the quest for the Orb.
     0 | D:1      | Reached XP level 1. HP: 11/11 MP: 4/4
    49 | D:1      | Reached XP level 2. HP: 9/15 MP: 6/6
   350 | D:1      | Reached XP level 3. HP: 18/18 MP: 7/7
   992 | D:2      | Found a shattered altar of Ashenzari.
  1054 | D:2      | Learned a level 2 spell: Shroud of Golubria
  1058 | D:2      | Learned a level 3 spell: Regeneration
  1170 | D:2      | Reached XP level 4. HP: 17/23 MP: 4/8
  1400 | D:2      | Found a white marble altar of Elyvilon.
  1439 | D:2      | Reached skill level 4 in Maces & Flails
  1847 | D:3      | Found a basalt altar of Yredelemnul.
  2083 | D:3      | Noticed Sigmund
  2280 | D:4      | Reached XP level 5. HP: 14/26 MP: 5/9
  2371 | D:4      | Noticed Edmund
  2413 | D:4      | Noticed Chiseanne's ghost (average DsFi)
  2425 | D:4      | HP: 1/26 [Chiseanne's ghost (5)]
  2425 | D:4      | Slain by a ball python

Vault maps used:
D:1:      erik_arrival_gehennom, minmay_misc_feat_x
D:2:      lemuel_doored_altar, lemuel_round_altar, first_bread,
          serial_bayou_crossing
D:3:      grunt_temple_overflow_lords_of_destruction,
          nicolae_overflow_crystal_walls, uniq_robin, uniq_sigmund
D:4:      minmay_snake_closets, uniq_edmund, uniq_crazy_yiuf_cottage,
          uniq_blork_the_orc

Action                   |  1- 3 |  4- 6 || total
-------------------------+-------+-------++-------
Melee: Mace              |   110 |    54 ||   164
       Flail             |       |    58 ||    58
Throw: Stone             |    13 |     6 ||    19
 Cast: Infusion          |     2 |     1 ||     3
  Use: Scroll            |     3 |       ||     3
       Potion            |       |     2 ||     2
  Eat: Chunk             |     1 |     4 ||     5
